 Dungeon Crawl Stone Soup version 0.16-b1 (webtiles) character file.

2215 RobertPalmer the Summoner (level 9, 0/54 HPs)
             Began as an Octopode Warper on Mar 14, 2015.
             Slain by a hound (6 damage)
             ... on level 8 of the Dungeon.
             The game lasted 00:26:52 (9871 turns).

RobertPalmer the Summoner (Octopode Warper)         Turns: 9871, Time: 00:26:52

Health: 0/54       AC:  1    Str: 20    XL:     9   Next: 35%
Magic:  10/14      EV: 14    Int: 17    God:
Gold:   355        SH:  0    Dex: 16    Spells: 4 memorised, 2 levels left

rFire  . . .     SeeInvis .     a - +0 spear
rCold  . . .     Clarity  .     (no shield)
rNeg   . . .     SustAb   .     (helmet restricted)
rPois  .         Gourm    .     w - amulet of resist mutation {rMut, !d}
rElec  .         Spirit   .     b - +3 ring of dexterity
rCorr  .         Warding  .     s - +5 ring of strength
rMut   +         Stasis   .     (no ring)
MR     .....                    (no ring)
Stlth  +++++.....               (no ring)
                                (no ring)
                                (no ring)
                                (no ring)

@: mighty, very slightly contaminated, not resistant to hostile enchantments,
quite stealthy
A: almost no armour, amphibious, 8 rings, constrict 8, camouflage 1, gelatinous
body 1
a: no special abilities


You were on level 8 of the Dungeon.
You were very hungry.

You visited 2 branches of the dungeon, and saw 9 of its levels.

You collected 355 gold pieces.

Inventory:

Hand weapons
 a - a +0 spear (weapon)
Missiles
 e - 2 needles of paralysis
 m - 33 poisoned needles
 r - 8 curare-tipped needles
 v - a throwing net {=f, !d}
Jewellery
 b - a +3 ring of dexterity (left tentacle)
   (You took it off a hobgoblin on level 1 of the Dungeon)
 s - a +5 ring of strength (right tentacle)
   (You found it on level 7 of the Dungeon)
 w - an amulet of resist mutation (around mantle) {rMut, !d}
   (You found it on level 3 of the Dungeon)
Magical devices
 h - a wand of fireball (0)
   (You took it off Blork the orc on level 4 of the Dungeon)
 z - a wand of digging (2)
   (You found it on level 6 of the Dungeon)
Scrolls
 q - 2 scrolls of identify
 u - a scroll of fog
 B - a scroll of enchant armour
Potions
 g - 2 potions of might
 j - 2 potions of restore abilities
 k - a potion of magic {unknown}
 l - a potion of curing
 n - a potion of flight {unknown}
 o - 2 potions of cure mutation {!q}
 p - a potion of poison {unknown}
 t - a potion of ambrosia {unknown}
Books
 c - a book of Spatial Translocations
 y - a book of Beasts
   (You found it on level 4 of the Dungeon)
 A - a book of Dreams
   (You found it on level 7 of the Dungeon)
Comestibles
 f - 10 bread rations
 i - 4 meat rations
 E - 9 fruits
 G - 6 beef jerkies


   Skills:
 - Level 2.0 Fighting
 - Level 3.4 Polearms
 - Level 1.0 Throwing
 + Level 4.0 Dodging
 - Level 7.8 Stealth
 - Level 2.0 Spellcasting
 - Level 9.8 Summonings
 - Level 3.0 Translocations


You had 2 spell levels left.
You knew the following spells:

 Your Spells              Type           Power        Failure   Level  Hunger
a - Summon Ice Beast      Ice/Summ       ###.....     30%         4    #####..
b - Blink                 Tloc           N/A          10%         2    ###....
c - Call Canine Familiar  Summ           #####...     1%          3    ###....
g - Apportation           Tloc           ##........   6%          1    #......


Dungeon Overview and Level Annotations

Branches:
Dungeon (8/15)             Temple (1/1) D:6
   Lair: D:8-11

Altars:
Ashenzari
Dithmenos
Fedhas
Gozag
Kikubaaqudgha
Nemelex Xobeh
Qazlal
Ru
Sif Muna
Trog
Xom
Zin
The Shining One

Annotations:
D:5 Eustachio
D:6 exclusion: Duvessa


Innate Abilities, Weirdness & Mutations

You cannot wear most types of armour.
You are amphibious.
You can wear up to eight rings at the same time.
You can use your tentacles to constrict many enemies at once.
Your skin changes colour to match your surroundings (Stealth).
Your rubbery body absorbs attacks (AC +1).


Message History

The kobold closely misses your wolf. The big kobold barely misses you.
Your wolf closely misses the kobold.
A killer bee comes into view.
You hit the kobold.
You kill the kobold!
The killer bee moves out of view.
Your wolf closely misses the killer bee.
The killer bee stings you!
A killer bee comes into view.
You closely miss the big kobold. You grab the big kobold.
The big kobold is moderately wounded.
You constrict the big kobold. The killer bee stings you.
Your wolf bites the killer bee.
The big kobold hits you with a club. The killer bee stings you.
The kobold completely misses your wolf.
Your wolf misses the killer bee.
A killer bee comes into view.
You miss the killer bee. Your grab misses the killer bee.
You squeeze the killer bee!
The killer bee is heavily wounded.
You constrict the big kobold. The killer bee closely misses you.
Your wolf completely misses the killer bee.
The big kobold hits you with a club. The kobold hits your wolf.
The killer bee stings you.
You barely miss the killer bee. You grab the killer bee.
The killer bee is heavily wounded.
You constrict the killer bee. You constrict the big kobold.
Your wolf bites the kobold!
The kobold dies!
The killer bee stings you!
* * * LOW HITPOINT WARNING * * *
Your wolf closely misses the killer bee.
The big kobold barely misses you. The killer bee closely misses you.
Unknown command.
You hit the killer bee but do no damage.
The killer bee is severely wounded.
You constrict the killer bee. You constrict the big kobold.
The killer bee barely misses you.
Your wolf closely misses the killer bee.
The kobold barely misses your wolf. The big kobold barely misses you.
Your wolf bites the killer bee!
The killer bee dies!
You hit the big kobold but do no damage.
You squeeze the big kobold!
You kill the big kobold!
Your wolf closely misses the kobold.
Your wolf bites the kobold!
The kobold dies!
Your wolf bites the kobold.
The kobold dies!
Your wolf bites the killer bee!
Your wolf bites the killer bee.
Evoke which item? (* to show all) (? for menu, Esc to quit)
Okay, then.
Drink which item? (? for menu, Esc to quit)
It was a potion of might.
You feel very mighty all of a sudden.
Your wolf bites the killer bee.
A hound comes into view.
The hound barks!
You puncture the killer bee! You grab the killer bee.
The killer bee is almost dead.
You constrict the killer bee. The killer bee closely misses you.
Your wolf barely misses the killer bee.
The killer bee stings you!
* * * LOW HITPOINT WARNING * * *
You are poisoned.
The killer bee poisons you!
Your wolf barely misses the killer bee.
You puncture the killer bee!
You kill the killer bee!
Your Dodging skill increases to level 4!
* * * LOW HITPOINT WARNING * * *
You feel sick.
Your wolf misses the killer bee. The killer bee misses you.
Unknown command.
Drink which item? (? for menu, Esc to quit)
You feel better.
Your wolf bites the killer bee.
The killer bee stings you.
* * * LOW HITPOINT WARNING * * *
Your wolf bites the killer bee.
The killer bee stings you.
* * * LOW HITPOINT WARNING * * *
Attack whom?
Press: ? - help, Dir - move target cursor, f - killer bee
Aim: a killer bee
Okay, then.
Read which item? (? for menu, Esc to quit)
Really read
d - a scroll of blinking {!r}?
Blink to where?
Press: ? - help, Dir - move target cursor
As you read the scroll of blinking {!r}, it crumbles to dust.
Drink which item? (? for menu, Esc to quit)
Okay, then.
Read which item? (? for menu, Esc to quit)
As you read the scroll labeled JUSAFO FEERRUIJ, it crumbles to dust.
You feel as if something is helping you.
It was a scroll of remove curse.
Read which item? (? for menu, Esc to quit)
As you read the scroll labeled TIEVILL CLAGH, it crumbles to dust.
Your body is wracked with pain!
* * * LOW HITPOINT WARNING * * *
The hound convulses!
The killer bee convulses!
The killer bee convulses!
Your wolf convulses!
It was a scroll of torment.
The hound bites you.
You die...

#...####
#.#####h###...#
.....#
###'#...y)((....#
......#
#.....###)###..##
.......# #....h#
#.### ..K. #########
#.....# #...# ##.
#...y.#####.##
#########y#.)......#
$........h.##########
#.@.........
........##########
######. .. ##. .. ##


You could see a hound, 2 killer bees and a friendly wolf.

Vanquished Creatures
  A hippogriff (D:7)
  Menkaure (D:5)
  An orc warrior (D:7)
  A necrophage (D:5)
  2 ogres (D:7)
  Duvessa (D:6)
  A big kobold (D:8)
  Blork the orc (D:4)
  3 giant frogs
  A killer bee (D:8)
  Dowan (D:6)
  2 crimson imps (D:7)
  An orc priest (D:5)
  5 hounds
  An iguana (D:7)
  An orc wizard (D:4)
  2 worker ants
  A hound zombie (D:6)
  2 hound skeletons
  A worker ant zombie (D:6)
  10 adders
  2 river rats (D:5)
  A giant mite (D:6)
  2 shadow imps (D:5)
  An ufetubus (D:5)
  2 adder skeletons
  6 giant geckos
  2 oozes
  13 orcs
  4 ball pythons
  2 bat skeletons
  8 giant cockroaches
  10 goblins
  13 hobgoblins
  8 kobolds
  3 quokkas
  12 bats
  A giant gecko skeleton (D:5)
  3 giant newts
  10 jackals
  A jackal skeleton (D:6)
  A quokka skeleton (D:4)
  10 rats
155 creatures vanquished.

Vanquished Creatures (collateral kills)
  2 ice beasts
  A phantom (D:7)
  4 ogres
  A killer bee (D:8)
  A quasit (D:7)
  2 hounds
  3 orc wizards
  2 worker ants
  A river rat (D:5)
  A hobgoblin (D:7)
  4 kobolds (D:8)
  A rat (D:5)
23 creatures vanquished.

Vanquished Creatures (others)
  18 hounds
18 creatures vanquished.

Grand Total: 196 creatures vanquished

Notes
Turn   | Place    | Note
--------------------------------------------------------------
     0 | D:1      | RobertPalmer, the Octopode Warper, began the quest for the Orb.
     0 | D:1      | Reached XP level 1. HP: 14/14 MP: 3/3
    93 | D:1      | Reached XP level 2. HP: 13/19 MP: 4/4
   391 | D:1      | Reached skill level 3 in Polearms
   676 | D:1      | Reached XP level 3. HP: 20/24 MP: 6/6
   728 | D:1      | Learned a level 2 spell: Blink
   732 | D:1      | Learned a level 3 spell: Portal Projectile
  1146 | D:2      | Reached skill level 1 in Stealth
  1711 | D:3      | Reached skill level 2 in Stealth
  1711 | D:3      | HP: 6/24 [poisoned by an adder]
  1944 | D:2      | Reached skill level 3 in Stealth
  2194 | D:3      | Reached XP level 4. HP: 16/29 MP: 7/7
  2448 | D:3      | Reached skill level 4 in Stealth
  3054 | D:3      | Found a bloodstained altar of Trog.
  3284 | D:4      | Reached skill level 5 in Stealth
  3284 | D:4      | Reached XP level 5. HP: 25/34 MP: 9/9
  3561 | D:4      | Reached skill level 6 in Stealth
  3750 | D:4      | Noticed Blork the orc
  3766 | D:4      | Killed Blork the orc
  3766 | D:4      | Reached skill level 7 in Stealth
  3766 | D:4      | Reached XP level 6. HP: 19/39 MP: 3/10
  4110 | D:4      | Learned a level 3 spell: Call Canine Familiar
  4184 | D:5      | Entered Level 5 of the Dungeon
  4192 | D:5      | Reached skill level 1 in Summonings
  4208 | D:5      | Noticed Eustachio
  4595 | D:5      | Reached skill level 2 in Summonings
  4666 | D:5      | Reached skill level 3 in Summonings
  4666 | D:5      | Reached XP level 7. HP: 39/45 MP: 6/12
  4726 | D:5      | Noticed Menkaure
  4731 | D:5      | Killed Menkaure
  4731 | D:5      | Reached skill level 4 in Summonings
  4909 | D:5      | HP: 10/45 [rat[Eustachio] (2)]
  5572 | D:5      | HP: 11/45 [river rat[Eustachio] (8)]
  6178 | D:6      | Reached skill level 5 in Summonings
  6472 | D:6      | Noticed Duvessa
  6510 | D:6      | Found a deep blue altar of Sif Muna.
  6573 | D:6      | Found a staircase to the Ecumenical Temple.
  6594 | Temple   | Entered the Ecumenical Temple
  6868 | D:6      | Reached skill level 6 in Summonings
  6868 | D:6      | Reached XP level 8. HP: 25/50 MP: 3/13
  7458 | D:6      | Noticed Dowan
  7494 | D:6      | Killed Duvessa
  7494 | D:6      | HP: 10/50 [Dowan/stone arrow (8)]
  7498 | D:6      | Killed Dowan
  7506 | D:6      | Reached skill level 7 in Summonings
  7965 | D:7      | Reached skill level 8 in Summonings
  8082 | D:7      | Found a shimmering altar of Xom.
  8155 | D:7      | Found a sacrificial altar of Ru.
  8450 | D:7      | Noticed a gargoyle
  8468 | D:7      | HP: 12/50 [gargoyle/stone arrow (24)]
  8472 | D:7      | HP: 5/50 [gargoyle/stone arrow (8)]
  8538 | D:7      | Reached skill level 9 in Summonings
  8564 | D:7      | Reached XP level 9. HP: 33/54 MP: 14/14
  8732 | D:7      | HP: 9/54 [something/puff of flame (10)]
  9054 | D:7      | Reached skill level 3 in Dodging
  9520 | D:7      | Learned a level 4 spell: Summon Ice Beast
  9541 | D:7      | HP: 9/54 [centaur/arrow (10)]
  9865 | D:8      | HP: 7/54 [killer bee (8)]
  9866 | D:8      | Reached skill level 4 in Dodging
  9870 | D:8      | HP: 6/54 [/a scroll of torment (4)]
  9871 | D:8      | Slain by a hound

Action                   |  1- 3 |  4- 6 |  7- 9 || total
-------------------------+-------+-------+-------++-------
Melee: Spear             |   100 |   139 |   258 ||   497
Throw: Tomahawk          |       |    47 |       ||    47
       Throwing net      |       |       |     2 ||     2
 Cast: Blink             |     1 |       |       ||     1
       Portal Projectile |       |     3 |       ||     3
       Call Canine Famil |       |     2 |    36 ||    38
Evoke: Wand              |       |     2 |     6 ||     8
  Use: Scroll            |     2 |    15 |    16 ||    33
       Potion            |     1 |     1 |    12 ||    14
 Stab: Sleeping          |     9 |     9 |    19 ||    37
       Invisible         |       |     2 |     1 ||     3
       Distracted        |       |       |     1 ||     1
  Eat: Chunk             |     3 |     8 |    11 ||    22
       Royal jelly       |       |     1 |     1 ||     2
       Fruit             |       |       |     1 ||     1
       Meat ration       |       |       |     1 ||     1
       Beef jerky        |       |       |     1 ||     1

Vault maps used:
D:1:      erik_arrival_cave_to_civilisation, nrook_mini_vaults,
          hangedman_feature_mirror
D:2:      first_bread
D:3:      lightli_temple_of_fire
D:4:      uniq_blork_the_orc
D:5:      uniq_menkaure, uniq_eustachio
D:6:      minmay_temple_entry_nine_rooms, basic_altar, uniq_duvessa
D:7:      hangedman_cross_stitches, makhleb_heckhound_becter,
          nicolae_ru_the_path_less_chosen, basic_altar,
          hangedman_abyss_or_decor_stagger, serial_bayou_pond_a, grunt_ogre_cave
Temple:   triangle_lava_temple_11

Table legend:
 A = Turns spent in this place as a percentage of turns spent in the entire game.
 B = Non-inter-level travel turns spent in this place as a percentage of non-inter-level travel turns spent in the entire game.
 C = Inter-level travel turns spent in this place as a percentage of turns spent in this place.
 D = Turns resting spent in this place as a percentage of non-inter-level travel turns spent in this place.
 E = Turns spent auto-exploring this place as a percentage of non-inter-level travel turns spent in this place.
 F = Non-inter-level travel turns spent in this place divided by the number of levels of this place that you've seen.
                   A       B       C       D       E      F
               +-------+-------+-------+-------+-------+----------------------
         Total | 100.0 | 100.0 |   0.4 |   2.7 |   6.0 | 343.4
       Dungeon |  98.3 |  98.4 |   0.4 |   2.8 |   6.1 | 380.0
        Temple |   1.7 |   1.6 |   1.9 |   0.0 |   0.0 |  51.0
               +-------+-------+-------+-------+-------+----------------------

Table legend:
 A = Kills in this place as a percentage of kills in entire the game.
 B = Kills by you in this place as a percentage of kills by you in the entire game.
 C = Kills by friends in this place as a percentage of kills by friends in the entire game.
 D = Other kills in this place as a percentage of other kills in the entire game.
 E = Experience gained in this place as a percentage of experience gained in the entire game.
 F = Experience gained in this place divided by the number of levels of this place that you have seen.
                   A       B       C       D       E      F
               +-------+-------+-------+-------+-------+----------------------
         Total | 100.0 | 100.0 | 100.0 |  -nan | 100.0 | 351.7
       Dungeon | 100.0 | 100.0 | 100.0 |  -nan | 100.0 | 395.6
               +-------+-------+-------+-------+-------+----------------------
